 Dungeon Crawl Stone Soup version 0.27-a0-906-g0a00ce863d (webtiles) character file.

Game seed: 1162115916725250330

58 Lanoc the Charlatan (level 4, 0/44 HPs)
             Began as an Ogre Artificer on Apr 7, 2021.
             Was a Follower of Sif Muna.
             Slain by an orc wizard
             ... wielding a +0 dagger
              (1 damage)
             ... on level 2 of the Dungeon.
             The game lasted 00:01:50 (1984 turns).

Lanoc the Charlatan (Ogre Artificer)                Turns: 1984, Time: 00:01:51

Health: 0/44       AC:  3    Str: 16    XL:     4   Next: 1%
Magic:  4/4        EV: 10    Int: 12    God:    Sif Muna [*.....]
Gold:   72         SH:  0    Dex: 10    Spells: 2/3 levels left

rFire    . . .     SeeInvis .   a - +0 whip (venom)
rCold    . . .     Faith    .   (no shield)
rNeg     . . .     Spirit   .   b - +0 robe
rPois    .         Reflect  .   (helmet restricted)
rElec    .         Harm     .   (no cloak)
rCorr    .         Rampage  .   (gloves unavailable)
Will     .....                  (boots unavailable)
Stlth    +.........             (no amulet)
HPRegen  0.14/turn              (no ring)
MPRegen  0.09/turn              (no ring)

@: confused
A: large, unfitting armour, tough skin 1
a: Renounce Religion, Channel Magic


You were on level 2 of the Dungeon.
You worshipped Sif Muna.
Sif Muna was aware of your devotion.
You visited 1 branch of the dungeon, and saw 2 of its levels.

You collected 72 gold pieces.

Inventory:

Hand Weapons
 a - a +0 whip of venom (weapon)
Armour
 b - a +0 robe (worn)
Wands
 c - a wand of flame (10) (quivered)
 d - a wand of charming (15)
 e - a wand of random effects (15)
Scrolls
 f - a scroll of amnesia {unknown}
 g - a scroll of blinking {unknown}


   Skills:
 + Level 2.7 Fighting
 + Level 2.7 Dodging
 - Level 0.6 Stealth
 + Level 1.0 Invocations
 - Level 3.0 Evocations


You had 2 spell levels left.
You knew the following spells:

 Your Spells              Type           Power      Damage    Failure   Level
a - Apportation           Tloc           0%         N/A       32%         1

Your spell library contained the following spells:

 Spells                   Type           Power      Damage    Failure   Level
 Animate Skeleton         Necr           0%         N/A       32%         1
 Corona                   Hex            0%         N/A       32%         1
 Summon Small Mammal      Summ           0%         N/A       32%         1


Dungeon Overview and Level Annotations

Branches:
Dungeon (2/15)

Altars:
Sif Muna


Innate Abilities, Weirdness & Mutations

You are too large for most types of armour.
You have tough skin. (AC +1)


Message History

The endoplasm quivers.
You hit the orc but do no damage. You hit the orc.
The orc is poisoned.
The orc is almost dead.
You kill the orc!
Sif Muna accepts your kill.
You kill the orc!
Sif Muna accepts your kill.
The orc wizard casts a spell at itself.
The orc wizard flickers and vanishes!
Deactivating autopickup; reactivate with Ctrl-A.
Your Invocations skill increases to level 1!
You have reached level 4!
Items here: )) [[ †.
You barely miss something. Something hits you.
You barely miss something. Something hits you.
You miss something. Something hits you but does no damage.
You miss something.
You hear some strange, mumbled words.
You are confused.
You bump into the rock wall.
Something hits you.
You're too confused to move!
You hear some strange, mumbled words.
A puff of flame appears from out of thin air!
The puff of flame hits you.
* * * LOW HITPOINT WARNING * * *
You aren't carrying any potions.
You're too confused to move!
Something hits you.
* * * LOW HITPOINT WARNING * * *
You hear some strange, mumbled words.
You are more confused.
You're too confused to move!
A magic dart appears from out of thin air!
The magic dart hits you.
* * * LOW HITPOINT WARNING * * *
You're too confused to move!
You bump into the rock wall.
Something hits you.
* * * LOW HITPOINT WARNING * * *
You're too confused to move!
Something hits you.
You die...

. .# ##. #.# #.. #.# #.#
#.# # #.# #.# ##. #.#
##.##
##...###.######...#####.
#.....†...@{Jo).........
......†.<.#####...####.
###.####..# #...# #..#
#.....# #..# ........#
#..##.#.....#..
#..##.##...##.o. #..##
##.#. .o. ...# ###. ..


You could see an orc and an endoplasm.

Vanquished Creatures
  A gnoll (D:1)
  An adder (D:2)
  A dart slug (D:1)
  3 orcs (D:2)
  5 bats (D:1)
  4 endoplasms (D:1)
  A giant cockroach (D:2)
  6 hobgoblins (D:1)
  A quokka (D:1)
  3 ball pythons
  A frilled lizard (D:1)
  2 kobolds (D:1)
  3 rats (D:1)
32 creatures vanquished.

Vanquished Creatures (others)
  2 plants (D:1)
2 creatures vanquished.

Grand Total: 34 creatures vanquished

Notes
Turn   | Place    | Note
-------+----------+-------------------------------------------
     0 | D:1      | Lanoc the Ogre Artificer began the quest for the Orb.
     0 | D:1      | Reached XP level 1. HP: 19/19 MP: 1/1
   463 | D:1      | Reached XP level 2. HP: 23/28 MP: 2/2
   922 | D:1      | Reached XP level 3. HP: 28/35 MP: 3/3
   929 | D:1      | Reached skill level 3 in Evocations
  1313 | D:1      | Learned a level 1 spell: Apportation
  1316 | D:1      | Found a faded altar of an unknown god.
  1326 | D:1      | Became a worshipper of Sif Muna the Loreminder
  1326 | D:1      | Reached * piety under Sif Muna
  1970 | D:2      | Reached skill level 1 in Invocations
  1970 | D:2      | Reached XP level 4. HP: 25/44 MP: 4/4
  1982 | D:2      | HP: 1/44 [something (4)]
  1984 | D:2      | Slain by an orc wizard

Illustrated notes

Levels and vault maps discovered:
D:1:      amcnicky_arrival_flooded_fountain, layout_basic,
          shapermc_ecumenical_altar_starsandcircs, serial_forest,
          infiniplex_forest_clump_double, infiniplex_forest_straight_2,
          infiniplex_forest_lined_3, infiniplex_forest_lined_room_2,
          infiniplex_forest_end_2, infiniplex_forest_lined_corner,
          infiniplex_forest_lined_3_way, infiniplex_forest_clump_double,
          infiniplex_forest_straight_1, infiniplex_forest_straight_1
D:2:      layout_loops_ring, uniq_terence

Skill      XL: |  1  2  3 |
---------------+----------+-----
Fighting       | 2 |  2.7
Evocations     | 3 |  3.0
Invocations    | 1 |  1.0
Dodging        | |  2.7
Stealth        | |  0.6

Action                   |  1- 3 |  4- 6 || total
-------------------------+-------+-------++-------
Melee: Short sword       |    53 |       ||    53
       Club              |     8 |       ||     8
       Whip              |    50 |     4 ||    54
Evoke: Wand              |     5 |       ||     5
 Stab: Sleeping          |     3 |       ||     3
Armor: Robe              |    32 |     1 ||    33
Dodge: Dodged            |    78 |       ||    78

Table legend: (Time is in decaauts)
 A = Elapsed time spent in this place.
 B = Non-inter-level travel time spent in this place.
 C = Inter-level travel time spent in this place.
 D = Time resting spent in this place.
 E = Time spent auto-exploring this place.
 F = Levels seen in this place.
 G = Mean time per level.
                   A        B        C        D        E       F      G
               +--------+--------+--------+--------+--------+-----+--------+
         Total |   1997 |   1961 |     36 |      0 |   1690 |   2 |  998.5 |
       Dungeon |   1997 |   1961 |     36 |      0 |   1690 |   2 |  998.5 |
               +--------+--------+--------+--------+--------+-----+--------+

Top non-repeatable levels by time:
     D:1: 1929 daAuts
     D:2: 67 daAuts
